AoeStats
← Covid19

MegaRandom

510592878Analyzed
2v2 RM · 21h ago on Oct 1, 2026· 100m 21s· 4 players
Game mode
Random Map
Map size
Medium (4 player)
Population
200
Speed
Normal
Resources
Standard
Victory
Conquest
Starting age
Dark Age
Ending age
Imperial Age
RankedLock teamsTeams togetherTeam positionsShared explorationLock speedFull tech treeHidden civsTurbo modeCheats
Victory
Defeat
🇩🇪 Magyars · Germany
1075
+16
🇩🇪 Goths · Germany
1056
+17
🇩🇪 Mapuche · Germany
1111
-42
🇹🇷 Japanese · Türkiye
1041
-41
Covid19
11:05 Feudal Age
9:51 Loom
12:18 Double-Bit Axe
17:29 Castle Age
17:09 Fletching
18:35 Bow Saw
24:42 Horse Collar
30:36 Heavy Plow
30:40 Gold Mining
32:07 Bodkin Arrow
33:32 Padded Archer Armor
34:37 Wheelbarrow
35:57 Ballistics
37:41 Hand Cart
37:42 Stone Mining
38:07 Bloodlines
37:58 Husbandry
39:03 Corvinian Army
40:19 Scale Barding Armor
41:26 Chain Barding Armor
44:04 Imperial Age
43:10 Thumb Ring
45:13 Conscription
44:18 Elite Magyar Huszar
45:36 Plate Barding Armor
48:19 Parthian Tactics
47:41 Heavy Cavalry Archer
49:19 Crop Rotation
49:54 Two-Man Saw
50:44 Chemistry
49:46 Recurve Bow
57:19 Hoardings
56:15 Sappers
61:41 Coinage
63:06 Bracer
64:08 Leather Archer Armor
66:21 Ring Archer Armor
67:03 Banking
82:21 Siege Engineers
84:28 Gold Shaft Mining
95:05 Caravan
Event 201
1:29 Loom
12:02 Feudal Age
14:53 Horse Collar
15:01 Double-Bit Axe
18:42 Scale Mail Armor
18:53 Forging
19:25 Fletching
28:05 Castle Age
30:13 Iron Casting
29:54 Chain Mail Armor
29:02 Man-at-Arms
29:03 Pikeman
29:44 Squires
30:20 Long Swordsman
33:53 Wheelbarrow
33:04 Town Watch
35:16 Hand Cart
38:40 Bodkin Arrow
65:03 Bow Saw
68:25 Gold Mining
69:07 Anarchy
70:00 Town Patrol
74:58 Coinage
80:03 Imperial Age
80:55 Perfusion
81:16 Conscription
80:22 Halberdier
80:39 Capped Ram
82:58 Blast Furnace
83:35 Elite Huskarl
83:48 Sappers
87:56 Two-Man Saw
86:58 Heavy Plow
90:13 Guilds
Heartbreaker
2:21 Loom
10:10 Feudal Age
10:31 Man-at-Arms
13:14 Forging
13:05 Scale Mail Armor
19:24 Double-Bit Axe
29:35 Castle Age
27:38 Arson
32:00 Iron Casting
31:41 Chain Mail Armor
31:26 Long Swordsman
31:27 Pikeman
35:27 Gambesons
35:43 Squires
40:00 Bow Saw
40:35 Gold Mining
40:35 Stone Mining
52:52 Imperial Age
57:04 Blast Furnace
56:35 Plate Mail Armor
55:28 Two-Handed Swordsman
55:28 Halberdier
59:18 Champion
64:42 Two-Man Saw
63:28 Horse Collar
63:19 Onager
67:02 Guard Tower
67:33 Yasama
86:50 Elite Samurai
Cyrene
9:11 Loom
10:56 Feudal Age
12:56 Double-Bit Axe
15:35 Castle Age
14:22 Fletching
15:47 Horse Collar
17:14 Bow Saw
18:26 Bodkin Arrow
21:21 Wheelbarrow
22:38 Ballistics
27:17 Hand Cart
29:25 Town Watch
29:41 Padded Archer Armor
31:43 Malon
35:59 Gold Mining
36:10 Heavy Plow
40:47 Imperial Age
38:55 Leather Archer Armor
41:03 Gold Shaft Mining
40:19 Stone Mining
40:50 Elite Bolas Rider
42:33 Chemistry
41:41 Siege Engineers
41:04 Capped Ram
42:40 Ring Archer Armor
42:53 Butalmapu
43:11 Conscription
44:08 Town Patrol
45:34 Masonry
45:05 Treadmill Crane
45:47 Bombard Tower
48:13 Architecture
48:04 Sappers
49:10 Hoardings
50:00 Coinage
51:34 Banking
57:43 Forging
61:07 Arrowslits
61:18 Murder Holes
62:29 Stone Shaft Mining
62:25 Crop Rotation
70:44 Iron Casting
77:27 Elite Kona
91:18 Scale Mail Armor
91:18 Champi Runner
92:17 Chain Mail Armor
92:15 Champi Warrior
93:39 Plate Mail Armor
94:18 Blast Furnace
Connection lost

Rejoining the realm…

Still unreachable

The connection could not be restored.

Session expired

The server has moved on; the page needs a fresh start.